 Dungeon Crawl Stone Soup version 0.31-a0-246-g8cbcc1cb85 (webtiles) character file.

Game seed: 782873593793042070

142 qw the Shooter (level 5, -2/41 HPs)
             Began as a Minotaur Hexslinger on July 12, 2023.
             Killed from afar by an orc wizard (8 damage)
             ... with a puff of flame
             ... on level 3 of the Dungeon.
             The game lasted 00:00:56 (2043 turns).

qw the Shooter (Minotaur Hexslinger)                Turns: 2043, Time: 00:00:56

Health: -2/41      AC:  5    Str: 13    XL:     5   Next: 4%
Magic:  5/5        EV: 11    Int: 10    God:
Gold:   103        SH:  0    Dex: 14    Spells: 5/6 levels left

rFire   . . .        Y - +1 sling
rCold   . . .        (no shield)
rNeg    . . .        e - +0 ring mail
rPois   .            (helmet restricted)
rElec   .            (no cloak)
rCorr   .            (no gloves)
SInv    .            (no boots)
Will    .....        (no amulet)
Stlth   +            (no ring)
HPRegen 0.26/turn    (no ring)
MPRegen 0.09/turn

%: no passive effects
@: about to teleport
A: horns 2, retaliatory headbutt
a: no special abilities


You were on level 3 of the Dungeon.
You visited 1 branch of the dungeon, and saw 3 of its levels.

You collected 103 gold pieces.


Innate Abilities, Weirdness & Mutations

You have a pair of horns on your head.
You reflexively headbutt those who attack you in melee.


   Skills:
 + Level 2.2 Fighting
 - Level 5.3 Ranged Weapons
 - Level 1.0 Armour
 - Level 2.1 Dodging
 - Level 1.0 Spellcasting
 - Level 2.0 Hexes


You had 5 spell levels left.
You knew the following spells:

 Your Spells              Type           Power      Damage    Failure   Level
a - Slow                  Hex            16%        N/A       32%         1

Your spell library contained the following spells:

 Spells                   Type           Power      Damage    Failure   Level
 Inner Flame              Hex/Fire       2%         N/A       82%         3
 Portal Projectile        Hex/Tloc       4%         N/A       82%         3
 Cause Fear               Hex            2%         N/A       97%         4

Inventory:

Hand Weapons
 Y - a +1 sling (weapon)
Armour
 e - a +0 ring mail (worn)
Jewellery
 a - a ring of ice
Scrolls
 b - a scroll of identify
 d - a scroll of revelation {unknown}
Potions
 c - a potion of magic {unknown}
 f - 2 potions of curing

Dungeon Overview and Level Annotations

Branches:
Dungeon (3/15)

Altars:

Annotations:
D:3 1 transporter


Message History

Something hits you.
You shoot a sling bullet.
You hear some strange, mumbled words.
You are confused.
You shoot a sling bullet. Something hits you but does no damage.
You shoot a sling bullet. Something hits you but does no damage.
You shoot a sling bullet.
Something hits you but does no damage. x2
You shoot a sling bullet. Something hits you but does no damage.
You shoot a sling bullet. Something hits you but does no damage.
You shoot a sling bullet.
You feel less confused.
You hear some strange, mumbled words.
A puff of flame appears from out of thin air!
The puff of flame hits you! Something hits you.
You shoot a sling bullet.
An orc wizard appears from thin air!
Reactivating autopickup.
The orc wizard barely misses you.
You shoot a sling bullet. The sling bullet hits the orc wizard.
The orc wizard is severely wounded.
The orc wizard gestures at you while chanting.
The magic dart hits you!
You shoot a sling bullet.
The sling bullet barely misses the orc wizard.
The orc wizard hits you but does no damage.
You shoot a sling bullet. The sling bullet misses the orc wizard.
The orc wizard points at you and mumbles some strange words.
The puff of flame hits you.
The orc wizard hits you with a +0 dagger.
2043 ||| READING scroll of teleportation.
As you read the scroll of teleportation, it crumbles to dust.
You feel strangely unstable. The orc wizard casts a spell at you.
The puff of flame hits you!
You die...

.......##..# #
#.......##
##.##...%### ##
...x#....# ##..
.####...##
#....####......#
..)....).......#
...............#
########@)######
#..$o)..#
#.......#
#.......#
#.......#
#.......#
........#
#........#


You could see an orc wizard.

Vanquished Creatures
  A hound (D:3)
  3 adders (D:2)
  2 worms (D:2)
  A dart slug (D:1)
  3 orcs (D:3)
  9 ball pythons
  5 endoplasms
  6 giant cockroaches
  6 goblins
  5 hobgoblins
  4 jackals (D:2)
  6 kobolds
  5 quokkas
  7 bats
  4 frilled lizards
  A rat (D:2)
68 creatures vanquished.

Notes
Turn   | Place    | Note
-------+----------+-------------------------------------------
     0 | D:1      | qw the Minotaur Hexslinger began the quest for the Orb.
     0 | D:1      | Reached XP level 1. HP: 16/16 MP: 1/1
     0 | D:1      | 0 ||| qw: Version: 0.3-a-52-g30416fa
     0 | D:1      | 0 ||| qw: Game counter: 6297
     0 | D:1      | 0 ||| qw: Melee chars always use a shield: true
     0 | D:1      | 0 ||| qw: God list: Okawaru
     0 | D:1      | 0 ||| qw: Allow faded altars: false
     0 | D:1      | 0 ||| qw: Do Orc after clearing Dungeon:15 true
     0 | D:1      | 0 ||| qw: Do second Lair branch before Depths: true
     0 | D:1      | 0 ||| qw: Lair rune preference: random
     0 | D:1      | 0 ||| qw: Goals: Normal
     0 | D:1      | 0 ||| PLANNING D:1-11
   192 | D:1      | Reached skill level 3 in Ranged Weapons
   197 | D:1      | Reached XP level 2. HP: 23/23 MP: 2/2
   468 | D:1      | Reached XP level 3. HP: 29/29 MP: 3/3
   824 | D:1      | 824 ||| UPGRADING to +0 ring mail.
   834 | D:1      | 834 ||| DROPPING +0 robe.
   835 | D:1      | 835 ||| DROPPING +6 ring of intelligence.
   836 | D:1      | 836 ||| READING scroll labelled JUN RATHRANO.
   837 | D:1      | 837 ||| READING scroll labelled YTEFEF XOVIDDE.
   838 | D:1      | 838 ||| READING scroll labelled BOSUMNUGISI.
   839 | D:1      | 839 ||| READING 2 scrolls labelled UFEUVE REMNA.
   844 | D:1      | 844 ||| READING scroll labelled SORALE KUMEPE.
   845 | D:1      | 845 ||| DROPPING scroll of poison.
   917 | D:2      | Found a faded altar of an unknown god.
   950 | D:2      | Reached skill level 4 in Ranged Weapons
  1123 | D:2      | Reached skill level 1 in Armour
  1423 | D:2      | Reached XP level 4. HP: 35/36 MP: 4/4
  1871 | D:2      | 1871 ||| READING scroll labelled JADUIN UWKEUH.
  1872 | D:2      | 1872 ||| READING scroll labelled ANTEYSYOSO.
  1873 | D:2      | 1873 ||| DRINKING 3 orange potions.
  1958 | D:3      | Found a transporter.
  1981 | D:3      | Reached skill level 5 in Ranged Weapons
  2012 | D:3      | Reached XP level 5. HP: 41/41 MP: 5/5
  2042 | D:3      | HP: 9/41 [orc wizard/puff of flame (3)]
  2043 | D:3      | 2043 ||| READING scroll of teleportation.
  2043 | D:3      | Killed from afar by an orc wizard

Levels and vault maps discovered:
D:1:      amcnicky_arrival_wind_blow, layout_basic
D:2:      layout_basic, hellmonk_ecumenical_altar_prayer_group,
          minmay_hexomino_p4
D:3:      minmay_wonky_spiral, layout_basic, gammafunk_ghost_abyssal_escape

Skill      XL: |  1  2  3  4 |
---------------+-------------+-----
Ranged Weapons | 3 4 5 |  5.3
Fighting       | 2 |  2.2
Armour         | 1 |  1.0
Dodging        | |  2.1
Spellcasting   | |  1.0
Hexes          | |  2.0

Action                     |  1- 3 |  4- 6 || total
---------------------------+-------+-------++-------
   Fire: Sling             |   135 |   100 ||   235
    Use: Scroll            |     5 |     3 ||     8
         Potion            |       |     1 ||     1
 Armour: Robe              |     3 |       ||     3
         Ring mail         |    10 |    29 ||    39
  Dodge: Dodged            |    30 |    28 ||    58

Table legend:
 A = Non-vault XP
 B = Vault XP
 C = Vault XP percentage of total XP
 D = Non-vault monster count
 E = Vault monster count
 F = Vault count percentage of total count
                 A         B        C        D         E       F
            +---------+---------+-------+---------+---------+-------
      Total |     195 |       9 |   4.4 |      63 |       5 |   7.4
            +---------+---------+-------+---------+---------+-------
        D:1 |      51 |       0 |   0.0 |      30 |       0 |   0.0
        D:2 |      79 |       9 |  10.2 |      22 |       5 |  18.5
        D:3 |      65 |       0 |   0.0 |      11 |       0 |   0.0
            +---------+---------+-------+---------+---------+-------
